Maple Leafs vs Capitals
Created - February 13, 2018 at 20:39
Goals
|
| Maple Leafs |
2 |
1 |
0 |
3 |
| Capitals |
0 |
1 |
0 |
1 |
|
Shots
|
| Maple Leafs |
21 |
7 |
3 |
31 |
| Capitals |
14 |
11 |
12 |
37 |
|
1st period
1. Maple Leafs , Gilbert Brule 15 (Fabian Brunnstrom 10, John Klingberg 18) at 13:02
2. Maple Leafs , Claude Giroux 36 (Jordan Staal 28) at 15:17
Penalties :
Zac Dalpe (Tor) for Roughing (Minor) at 2:40
2nd period
3. Capitals , Erik Karlsson 5 (Ondrej Palat 10) at 5:14
4. Maple Leafs , Jordan Staal 14 (Claude Giroux 30, Artemi Panarin 17) at 18:37
Penalties :
Dougie Hamilton (Was) for Slashing (Minor) at 2:29, Erik Karlsson (Was) for Hooking (Minor) at 14:11, Fabian Brunnstrom (Tor) for Boarding (Minor) at 19:01
3rd period
No Goal
Penalties :
Marc-André Fleury (Tor) for Slashing (Minor) at 4:20 - Ben Smith served the penalty
Goalie Stats
Marc-André Fleury (Tor), 36 saves from 37 shots - (0.973), W, 19-19-6, 60:00 minutes
Roberto Luongo (Was), 28 saves from 31 shots - (0.903), L, 10-13-1, 60:00 minutes
Players Stats for Maple Leafs
Player Name G A P +/- PIM S H SB GA TA FO MP PP MP PK MP
------------------------------------------------------------------------------------
Alex Killorn 0 0 0 -1 0 2 0 0 2 0 0/0 10:18 0:00 0:14
Artemi Panarin 0 1 1 2 0 1 2 0 0 0 2/2 20:50 2:15 1:13
Ben Smith 0 0 0 1 0 2 1 0 1 0 1/1 12:54 0:00 0:00
Blake Comeau 0 0 0 0 0 0 0 0 0 0 0/0 9:39 0:00 0:00
Braydon Coburn 0 0 0 1 0 0 2 2 0 1 0/0 23:15 1:23 2:43
Claude Giroux 1 1 2 2 0 3 1 0 1 1 0/1 22:30 2:15 2:31
Colby Armstrong 0 0 0 -1 0 1 0 0 0 0 0/0 12:15 1:43 0:00
Eric Nystrom 0 0 0 0 0 1 0 0 0 0 0/0 11:31 0:00 1:59
Evgeny Grachev 0 0 0 0 0 0 1 0 1 1 0/2 9:05 0:00 0:00
Fabian Brunnstrom 0 1 1 1 2 3 1 0 0 0 0/0 15:29 1:43 1:10
Gilbert Brule 1 0 1 1 0 4 1 1 0 0 8/10 16:42 1:43 2:02
John Klingberg 0 1 1 2 0 1 0 0 0 0 0/0 21:26 2:35 0:28
Jordan Staal 1 1 2 2 0 4 1 1 1 1 14/31 22:27 2:15 2:31
Marc-Édouard Vlasic 0 0 0 3 0 2 1 1 0 2 0/0 22:52 1:23 0:05
Ryan Parent 0 0 0 -1 0 0 0 1 1 2 0/0 15:19 0:00 2:46
Taylor Chorney 0 0 0 -1 0 1 2 1 0 1 0/0 14:11 0:00 3:06
Tobias Enstrom 0 0 0 0 0 2 1 1 2 1 0/0 22:57 2:35 2:46
Zac Dalpe 0 0 0 -1 2 4 2 0 0 0 2/8 10:21 0:00 0:14
Players Stats for Capitals
Player Name G A P +/- PIM S H SB GA TA FO MP PP MP PK MP
------------------------------------------------------------------------------------
Chris Kunitz 0 0 0 0 0 0 1 0 0 1 0/0 9:16 0:24 0:36
Christian Ehrhoff 0 0 0 -1 0 0 0 1 0 0 0/0 14:06 0:09 0:00
Dougie Hamilton 0 0 0 -1 2 1 1 1 0 2 0/0 22:03 2:57 1:14
Erik Karlsson 1 0 1 -1 2 2 1 2 1 0 0/0 24:44 2:57 1:08
Jamie Benn 0 0 0 0 0 2 2 0 1 0 0/0 16:11 3:04 0:00
Jaromir Jagr 0 0 0 -1 0 6 1 1 1 0 0/1 21:38 2:53 2:16
Keith Yandle 0 0 0 -1 0 1 0 0 0 0 0/0 16:42 0:49 1:36
Marcel Goc 0 0 0 0 0 2 0 0 1 0 1/3 7:37 0:00 0:00
Matt Irwin 0 0 0 -1 0 4 0 3 0 0 0/0 24:49 2:02 2:22
Michael Grabner 0 0 0 0 0 6 2 1 2 1 0/1 16:11 3:04 0:00
Ondrej Palat 0 1 1 -1 0 2 4 0 1 0 0/0 19:35 2:38 0:35
Patrick Marleau 0 0 0 -1 0 4 1 0 1 0 0/0 13:30 0:00 1:07
Paul Martin 0 0 0 0 0 2 1 1 1 1 0/0 19:55 2:51 1:36
Pierre-Alexandre Parente 0 0 0 0 0 0 0 1 0 0 0/0 8:07 0:00 0:00
Ryan Nugent-Hopkins 0 0 0 0 0 0 0 0 0 1 6/9 11:21 0:37 0:00
Scott Gomez 0 0 0 0 0 2 1 0 1 2 6/14 18:13 3:04 2:15
T.J. Oshie 0 0 0 0 0 2 0 0 0 0 0/0 9:52 0:00 0:00
Tyler Seguin 0 0 0 -2 0 1 2 2 0 1 15/27 22:10 2:16 1:07
3 Stars
1 - Marc-André Fleury (Tor)
2 - Jordan Staal (Tor)
3 - Claude Giroux (Tor)
Power Play
Maple Leafs - 0 on 2 Attempt(s) - 0.00%
Capitals - 0 on 3 Attempt(s) - 0.00%
Penalty Kill
Maple Leafs - 3 on 3 Attempt(s) - 100.00%
- Score 0 goal in Penalty Kill
Capitals - 2 on 2 Attempt(s) - 100.00%
- Score 0 goal in Penalty Kill
Team Stat
Maple Leafs - Hits : 16 - Faceoff Wins : 27 - Blocked Shots : 8 - Penalty Minutes : 6
Capitals - Hits : 17 - Faceoff Wins : 28 - Blocked Shots : 13 - Penalty Minutes : 4
Official
Referees : StPierre Justin and LaRue Dennis
Linesman : Pierre Champoux and Andy McElman
Game Notes
No Game Note
Finance
Level 1 -- Attendance: 6000 (100.00%) -- Ticket Income $492,000
Level 2 -- Attendance: 5000 (100.00%) -- Ticket Income $235,000
Level 3 -- Attendance: 2000 (100.00%) -- Ticket Income $64,000
Level 4 -- Attendance: 4000 (100.00%) -- Ticket Income $84,000
Luxury Box -- Attendance: 822 (82.20%) -- Ticket Income $138,096
Game was played at the Verizon Center.
Total Attendance: 17822 (99.01%)
Total Ticket Income: $1,013,096
Other Income: $151,964
Total Income: $1,165,060
Maple Leafs
5 vs 5 Forward
Center Left Wing Right Wing Time % Phy DF OF
1 Jordan Staal Artemi Panarin Claude Giroux 40 0 1 4
2 Gilbert Brule Fabian Brunnstrom Ben Smith 30 1 2 2
3 Zac Dalpe Alex Killorn Colby Armstrong 20 1 2 2
4 Evgeny Grachev Eric Nystrom Blake Comeau 10 1 2 2
5 vs 5 Defense
Defense Defense Time % Phy DF OF
1 John Klingberg Marc-Édouard Vlasic 40 0 1 4
2 Braydon Coburn Tobias Enstrom 30 0 2 2
3 Taylor Chorney Ryan Parent 20 1 2 2
4 Braydon Coburn Tobias Enstrom 10 1 2 2
PowerPlay Forward
Center Left Wing Right Wing Time % Phy DF OF
1 Jordan Staal Artemi Panarin Claude Giroux 60 1 2 2
2 Gilbert Brule Fabian Brunnstrom Colby Armstrong 40 1 2 2
PowerPlay Defense
Defense Defense Time % Phy DF OF
1 John Klingberg Tobias Enstrom 60 1 2 2
2 Marc-Édouard Vlasic Braydon Coburn 40 1 2 2
Penalty Kill 4 Players Forward
Center Wing Time % Phy DF OF
1 Jordan Staal Claude Giroux 60 1 2 2
2 Gilbert Brule Eric Nystrom 40 1 2 2
Penalty Kill 4 Players Defense
Defense Defense Time % Phy DF OF
1 Braydon Coburn Taylor Chorney 60 1 2 2
2 Tobias Enstrom Ryan Parent 40 1 2 2
Penalty Kill - 3 Players Forward
Forward Time % Phy DF OF
1 Jordan Staal 60 1 2 2
2 Gilbert Brule 40 1 2 2
Penalty Kill - 3 Players Defense
Defense Defense Time % Phy DF OF
1 Braydon Coburn Taylor Chorney 60 1 2 2
2 Tobias Enstrom Ryan Parent 40 1 2 2
4 vs 4 Forward
Center Wing Time % Phy DF OF
1 Jordan Staal Claude Giroux 60 1 2 2
2 Gilbert Brule Colby Armstrong 40 1 2 2
4 vs 4 Defense
Defense Defense Time % Phy DF OF
1 Braydon Coburn Tobias Enstrom 60 1 2 2
2 John Klingberg Marc-Édouard Vlasic 40 1 2 2
Last Minutes Offensive
Center Left Wing Right Wing Defense Defense
Jordan Staal Artemi Panarin Claude Giroux John Klingberg Tobias Enstrom
Last Minutes Defensive
Center Left Wing Right Wing Defense Defense
Jordan Staal Eric Nystrom Claude Giroux Ryan Parent Braydon Coburn
Goaltenders
Starting : Marc-André Fleury
Backup : Alex Stalock
Extra Forwards
Normal : Artemi Panarin, Colby Armstrong, Jordan Staal - PP : Ben Smith, Colby Armstrong - PK : Fabian Brunnstrom
Extra Defensemen
Normal : Tobias Enstrom, Ryan Parent, Braydon Coburn - PP : Marc-Édouard Vlasic - PK : Taylor Chorney, Ryan Parent
Penalty Shots
Claude Giroux, Artemi Panarin, Fabian Brunnstrom, Colby Armstrong, Jordan Staal
Scratches
None
Capitals
5 vs 5 Forward
Center Left Wing Right Wing Time % Phy DF OF
1 Tyler Seguin Ondrej Palat Jaromir Jagr 40 1 2 2
2 Scott Gomez Jamie Benn Michael Grabner 30 1 2 2
3 Ryan Nugent-Hopkins Patrick Marleau T.J. Oshie 20 1 2 2
4 Marcel Goc Chris Kunitz Pierre-Alexandre Parentea10 1 2 2
5 vs 5 Defense
Defense Defense Time % Phy DF OF
1 Erik Karlsson Matt Irwin 40 1 2 2
2 Paul Martin Dougie Hamilton 30 1 2 2
3 Keith Yandle Christian Ehrhoff 20 1 2 2
4 Erik Karlsson Dougie Hamilton 10 1 2 2
PowerPlay Forward
Center Left Wing Right Wing Time % Phy DF OF
1 Tyler Seguin Ondrej Palat Jaromir Jagr 60 1 2 2
2 Scott Gomez Jamie Benn Michael Grabner 40 1 2 2
PowerPlay Defense
Defense Defense Time % Phy DF OF
1 Erik Karlsson Dougie Hamilton 60 1 2 2
2 Paul Martin Matt Irwin 40 1 2 2
Penalty Kill 4 Players Forward
Center Wing Time % Phy DF OF
1 Scott Gomez Jaromir Jagr 60 1 2 2
2 Tyler Seguin Patrick Marleau 40 1 2 2
Penalty Kill 4 Players Defense
Defense Defense Time % Phy DF OF
1 Erik Karlsson Matt Irwin 60 1 2 2
2 Paul Martin Keith Yandle 40 1 2 2
Penalty Kill - 3 Players Forward
Forward Time % Phy DF OF
1 Scott Gomez 60 1 2 2
2 Jaromir Jagr 40 1 2 2
Penalty Kill - 3 Players Defense
Defense Defense Time % Phy DF OF
1 Erik Karlsson Christian Ehrhoff 60 1 2 2
2 Paul Martin Matt Irwin 40 1 2 2
4 vs 4 Forward
Center Wing Time % Phy DF OF
1 Scott Gomez Jaromir Jagr 60 1 2 2
2 Tyler Seguin Patrick Marleau 40 1 2 2
4 vs 4 Defense
Defense Defense Time % Phy DF OF
1 Erik Karlsson Christian Ehrhoff 60 1 2 2
2 Paul Martin Matt Irwin 40 1 2 2
Last Minutes Offensive
Center Left Wing Right Wing Defense Defense
Scott Gomez Tyler Seguin Jaromir Jagr Erik Karlsson Christian Ehrhoff
Last Minutes Defensive
Center Left Wing Right Wing Defense Defense
Scott Gomez Patrick Marleau Jaromir Jagr Erik Karlsson Christian Ehrhoff
Goaltenders
Starting : Roberto Luongo
Backup : Dan Ellis
Extra Forwards
Normal : Tyler Seguin, Scott Gomez, Ondrej Palat - PP : Tyler Seguin, Ondrej Palat - PK : Chris Kunitz
Extra Defensemen
Normal : Erik Karlsson, Paul Martin, Dougie Hamilton - PP : Keith Yandle - PK : Erik Karlsson, Dougie Hamilton
Penalty Shots
Tyler Seguin, Jaromir Jagr, Scott Gomez, Patrick Marleau, Jamie Benn
Scratches
Brian Boyle (Healthy), Joe Thornton (Left Knee Injury), Matt Carle (Separated Left Shoulder Injury)
% Time on Ice - Maple Leafs
Lines # - Real PCT - Wanted PCT - Time Play
Normal Forward
1 - 36% - 40% - 18:14
2 - 25% - 30% - 12:42
3 - 20% - 20% - 10:04
4 - 18% - 10% - 9:05
Normal Defense
1 - 37% - 40% - 18:23
2 - 32% - 30% - 16:11
3 - 22% - 20% - 11:05
4 - 9% - 10% - 4:26
PP Forward
1 - 57% - 60% - 2:15
2 - 43% - 40% - 1:43
PP Defense
1 - 65% - 60% - 2:35
2 - 35% - 40% - 1:23
PK Forward
1 - 63% - 60% - 3:44
2 - 37% - 40% - 2:13
PK Defense
1 - 54% - 60% - 3:11
2 - 46% - 40% - 2:46
PK3 Forward
1 - 0% - 60%
2 - 0% - 40%
PK3 Defense
1 - 0% - 60%
2 - 0% - 40%
44 Forward
1 - 0% - 60%
2 - 0% - 40%
44 Defense
1 - 0% - 60%
2 - 0% - 40%
Last Minute Offensive - 0:00
Last Minute Defensive - 0:00
Total
Forward - 60:00
Defense - 60:00
|
% Time on Ice - Capitals
Lines # - Real PCT - Wanted PCT - Time Play
Normal Forward
1 - 34% - 40% - 16:58
2 - 32% - 30% - 16:09
3 - 19% - 20% - 9:41
4 - 15% - 10% - 7:17
Normal Defense
1 - 39% - 40% - 19:22
2 - 30% - 30% - 14:47
3 - 28% - 20% - 13:57
4 - 4% - 10% - 1:59
PP Forward
1 - 48% - 60% - 2:53
2 - 52% - 40% - 3:04
PP Defense
1 - 50% - 60% - 2:57
2 - 50% - 40% - 3:00
PK Forward
1 - 72% - 60% - 2:51
2 - 28% - 40% - 1:07
PK Defense
1 - 60% - 60% - 2:22
2 - 40% - 40% - 1:36
PK3 Forward
1 - 0% - 60%
2 - 0% - 40%
PK3 Defense
1 - 0% - 60%
2 - 0% - 40%
44 Forward
1 - 0% - 60%
2 - 0% - 40%
44 Defense
1 - 0% - 60%
2 - 0% - 40%
Last Minute Offensive - 0:00
Last Minute Defensive - 0:00
Total
Forward - 60:00
Defense - 60:00
|
Play by Play
1st period
0:01 of 1st period - Jordan Staal wins face-off versus Tyler Seguin in neutral zone.
0:12 of 1st period - Wrist shot by Jordan Staal.
0:12 of 1st period - Shot Blocked by Tyler Seguin.
0:14 of 1st period - Wrist shot by Jordan Staal.
0:14 of 1st period - Stopped by Roberto Luongo without a rebound.
0:15 of 1st period - Gilbert Brule wins face-off versus Scott Gomez in Capitals zone.
0:26 of 1st period - Wrist shot by Ben Smith.
0:26 of 1st period - Stopped by Roberto Luongo with a rebound.
0:28 of 1st period - Slapshot by Ben Smith.
0:28 of 1st period - Shot Misses the Net.
0:30 of 1st period - Snap shot by Ben Smith.
0:30 of 1st period - Stopped by Roberto Luongo with a rebound.
0:42 of 1st period - Jamie Benn is hit by Tobias Enstrom and loses puck.
0:57 of 1st period - Wrist shot by Michael Grabner.
0:57 of 1st period - Stopped by Marc-André Fleury with a rebound.
0:59 of 1st period - Slapshot by Paul Martin.
0:59 of 1st period - Stopped by Marc-André Fleury with a rebound.
1:15 of 1st period - Slapshot by Jamie Benn.
1:15 of 1st period - Stopped by Marc-André Fleury without a rebound.
1:16 of 1st period - Tyler Seguin wins face-off versus Jordan Staal in Maple Leafs zone.
1:25 of 1st period - Slapshot by Tyler Seguin.
1:25 of 1st period - Deflect By Ondrej Palat.
1:25 of 1st period - Shot Misses the Net.
1:25 of 1st period - Puck is out of play.
1:26 of 1st period - Artemi Panarin wins face-off versus Tyler Seguin in Maple Leafs zone.
1:31 of 1st period - Slapshot by Marc-Édouard Vlasic.
1:31 of 1st period - Stopped by Roberto Luongo with a rebound.
2:29 of 1st period - Snap shot by Ondrej Palat.
2:29 of 1st period - Shot Blocked by Marc-Édouard Vlasic.
2:31 of 1st period - Slapshot by Matt Irwin.
2:31 of 1st period - Stopped by Marc-André Fleury without a rebound.
2:32 of 1st period - Ryan Nugent-Hopkins wins face-off versus Zac Dalpe in Maple Leafs zone.
2:40 of 1st period - Minor Penalty to Zac Dalpe for Roughing.
2:41 of 1st period - Scott Gomez wins face-off versus Jordan Staal in Maple Leafs zone.
4:33 of 1st period - Artemi Panarin is hit by Paul Martin and loses puck.
4:40 of 1st period - Penalty to Zac Dalpe is over, Zac Dalpe is back on ice.
5:51 of 1st period - Marcel Goc is hit by Artemi Panarin and loses puck.
6:04 of 1st period - Snap shot by Chris Kunitz.
6:04 of 1st period - Deflect By T.J. Oshie.
6:04 of 1st period - Shot Blocked by Taylor Chorney.
6:04 of 1st period - Puck is out of play.
6:05 of 1st period - Ryan Nugent-Hopkins wins face-off versus Zac Dalpe in Maple Leafs zone.
6:44 of 1st period - Dougie Hamilton is hit by Taylor Chorney and loses puck.
6:59 of 1st period - Slapshot by Tobias Enstrom.
6:59 of 1st period - Stopped by Roberto Luongo without a rebound.
7:00 of 1st period - Tyler Seguin wins face-off versus Gilbert Brule in Capitals zone.
7:25 of 1st period - Snap shot by Jamie Benn.
7:25 of 1st period - Shot Blocked by Braydon Coburn.
7:48 of 1st period - Wrist shot by Fabian Brunnstrom.
7:48 of 1st period - Shot Blocked by Michael Grabner.
8:12 of 1st period - Snap shot by Fabian Brunnstrom.
8:12 of 1st period - Stopped by Roberto Luongo without a rebound.
8:13 of 1st period - Tyler Seguin wins face-off versus Claude Giroux in Capitals zone.
8:31 of 1st period - John Klingberg is hit by Tyler Seguin and loses puck.
9:34 of 1st period - Snap shot by Colby Armstrong.
9:34 of 1st period - Stopped by Roberto Luongo without a rebound.
9:35 of 1st period - Ryan Nugent-Hopkins wins face-off versus Zac Dalpe in Capitals zone.
9:35 of 1st period - Ryan Nugent-Hopkins is hit by Zac Dalpe.
9:40 of 1st period - Off-side.
9:41 of 1st period - Jordan Staal wins face-off versus Ryan Nugent-Hopkins in neutral zone.
9:46 of 1st period - Wrist shot by Claude Giroux.
9:46 of 1st period - Stopped by Roberto Luongo without a rebound.
9:47 of 1st period - Jordan Staal wins face-off versus Tyler Seguin in Capitals zone.
9:54 of 1st period - Wrist shot by Jordan Staal.
9:54 of 1st period - Stopped by Roberto Luongo without a rebound.
9:55 of 1st period - Tyler Seguin wins face-off versus Jordan Staal in Capitals zone.
11:00 of 1st period - Evgeny Grachev is hit by Ondrej Palat and loses puck.
11:23 of 1st period - Snap shot by Claude Giroux.
11:23 of 1st period - Shot Misses the Net.
11:27 of 1st period - Snap shot by Jordan Staal.
11:27 of 1st period - Shot Blocked by Paul Martin.
11:29 of 1st period - Snap shot by Taylor Chorney.
11:29 of 1st period - Stopped by Roberto Luongo with a rebound.
11:48 of 1st period - Slapshot by Michael Grabner.
11:48 of 1st period - Deflect By Jamie Benn.
11:48 of 1st period - Stopped by Marc-André Fleury without a rebound.
11:49 of 1st period - Tyler Seguin wins face-off versus Jordan Staal in Maple Leafs zone.
12:04 of 1st period - Snap shot by Jaromir Jagr.
12:04 of 1st period - Stopped by Marc-André Fleury with a rebound.
12:18 of 1st period - Wrist shot by Michael Grabner.
12:18 of 1st period - Stopped by Marc-André Fleury without a rebound.
12:19 of 1st period - Gilbert Brule wins face-off versus Michael Grabner in Maple Leafs zone.
12:24 of 1st period - Michael Grabner is hit by Gilbert Brule and loses puck.
12:43 of 1st period - Christian Ehrhoff is hit by Ben Smith and loses puck.
13:00 of 1st period - Wrist shot by Fabian Brunnstrom.
13:00 of 1st period - Stopped by Roberto Luongo with a rebound.
13:02 of 1st period - Snap shot by Gilbert Brule.
13:02 of 1st period - Goal by Gilbert Brule - Maple Leafs : 1 - Capitals : 0.
13:03 of 1st period - Tyler Seguin wins face-off versus Jordan Staal in neutral zone.
13:14 of 1st period - Snap shot by Jaromir Jagr.
13:14 of 1st period - Stopped by Marc-André Fleury without a rebound.
13:15 of 1st period - Tyler Seguin wins face-off versus Jordan Staal in Maple Leafs zone.
13:18 of 1st period - Snap shot by Jaromir Jagr.
13:18 of 1st period - Stopped by Marc-André Fleury without a rebound.
13:19 of 1st period - Jordan Staal wins face-off versus Jaromir Jagr in Maple Leafs zone.
13:24 of 1st period - Slapshot by Ryan Parent.
13:24 of 1st period - Deflect By Claude Giroux.
13:24 of 1st period - Shot Misses the Net.
13:24 of 1st period - Puck is out of play.
13:25 of 1st period - Jordan Staal wins face-off versus Tyler Seguin in Capitals zone.
14:17 of 1st period - Wrist shot by Tyler Seguin.
14:17 of 1st period - Shot Misses the Net.
14:19 of 1st period - Snap shot by Erik Karlsson.
14:19 of 1st period - Shot Blocked by Jordan Staal.
14:21 of 1st period - Snap shot by Tyler Seguin.
14:21 of 1st period - Deflect By Ondrej Palat.
14:21 of 1st period - Shot Blocked by Ryan Parent.
14:21 of 1st period - Puck is out of play.
14:22 of 1st period - Gilbert Brule wins face-off versus Scott Gomez in Maple Leafs zone.
14:47 of 1st period - Ben Smith is hit by Michael Grabner and loses puck.
14:58 of 1st period - Wrist shot by Michael Grabner.
14:58 of 1st period - Stopped by Marc-André Fleury with a rebound.
15:00 of 1st period - Snap shot by Scott Gomez.
15:00 of 1st period - Shot Misses the Net.
15:02 of 1st period - Slapshot by Dougie Hamilton.
15:02 of 1st period - Stopped by Marc-André Fleury without a rebound.
15:03 of 1st period - Zac Dalpe wins face-off versus Ryan Nugent-Hopkins in Maple Leafs zone.
15:03 of 1st period - Zac Dalpe is hit by Patrick Marleau.
15:09 of 1st period - Slapshot by Marc-Édouard Vlasic.
15:09 of 1st period - Stopped by Roberto Luongo with a rebound.
15:15 of 1st period - Wrist shot by Colby Armstrong.
15:15 of 1st period - Deflect By Alex Killorn.
15:15 of 1st period - Stopped by Roberto Luongo without a rebound.
15:16 of 1st period - Jordan Staal wins face-off versus Tyler Seguin in Capitals zone.
15:17 of 1st period - Wrist shot by Claude Giroux.
15:17 of 1st period - Goal by Claude Giroux - Maple Leafs : 2 - Capitals : 0.
15:18 of 1st period - Scott Gomez wins face-off versus Jordan Staal in neutral zone.
16:06 of 1st period - Alex Killorn is hit by Dougie Hamilton and loses puck.
16:33 of 1st period - Wrist shot by Scott Gomez.
16:33 of 1st period - Stopped by Marc-André Fleury with a rebound.
16:35 of 1st period - Wrist shot by Jamie Benn.
16:35 of 1st period - Shot Misses the Net.
16:37 of 1st period - Slapshot by Matt Irwin.
16:37 of 1st period - Stopped by Marc-André Fleury with a rebound.
16:55 of 1st period - Snap shot by Claude Giroux.
16:55 of 1st period - Stopped by Roberto Luongo with a rebound.
17:21 of 1st period - Slapshot by Jaromir Jagr.
17:21 of 1st period - Stopped by Marc-André Fleury with a rebound.
18:25 of 1st period - Wrist shot by Ben Smith.
18:25 of 1st period - Shot Misses the Net.
18:31 of 1st period - Backhand shot by Gilbert Brule.
18:31 of 1st period - Stopped by Roberto Luongo without a rebound.
18:32 of 1st period - Scott Gomez wins face-off versus Jordan Staal in Capitals zone.
19:05 of 1st period - Snap shot by Alex Killorn.
19:05 of 1st period - Stopped by Roberto Luongo with a rebound.
19:07 of 1st period - Slapshot by Zac Dalpe.
19:07 of 1st period - Stopped by Roberto Luongo with a rebound.
19:09 of 1st period - Snap shot by Zac Dalpe.
19:09 of 1st period - Stopped by Roberto Luongo with a rebound.
19:11 of 1st period - Wrist shot by Zac Dalpe.
19:11 of 1st period - Stopped by Roberto Luongo with a rebound.
19:23 of 1st period - Icing by Ryan Nugent-Hopkins.
19:24 of 1st period - Gilbert Brule wins face-off versus Ryan Nugent-Hopkins in Capitals zone.
Goals for this period are 2 for Maple Leafs vs 0 for Capitals.
Shots for this period are 21 for Maple Leafs vs 14 for Capitals.
2nd period
0:01 of 2nd period - Jordan Staal wins face-off versus Tyler Seguin in neutral zone.
1:17 of 2nd period - Off-side.
1:18 of 2nd period - Tyler Seguin wins face-off versus Jordan Staal in neutral zone.
1:35 of 2nd period - Backhand shot by John Klingberg.
1:35 of 2nd period - Deflect By Jordan Staal.
1:35 of 2nd period - Shot Misses the Net.
1:35 of 2nd period - Puck is out of play.
1:36 of 2nd period - Gilbert Brule wins face-off versus Scott Gomez in Capitals zone.
2:05 of 2nd period - Snap shot by T.J. Oshie.
2:05 of 2nd period - Stopped by Marc-André Fleury without a rebound.
2:06 of 2nd period - Ryan Nugent-Hopkins wins face-off versus Jordan Staal in Maple Leafs zone.
2:29 of 2nd period - Minor Penalty to Dougie Hamilton for Slashing.
2:30 of 2nd period - Jordan Staal wins face-off versus Scott Gomez in Capitals zone.
2:33 of 2nd period - Backhand shot by Jordan Staal.
2:33 of 2nd period - Shot Blocked by Matt Irwin.
3:04 of 2nd period - Icing by John Klingberg.
3:05 of 2nd period - Scott Gomez wins face-off versus Gilbert Brule in Maple Leafs zone.
3:14 of 2nd period - Slapshot by Tobias Enstrom.
3:14 of 2nd period - Stopped by Roberto Luongo with a rebound.
3:16 of 2nd period - Snap shot by Claude Giroux.
3:16 of 2nd period - Shot Blocked by Jaromir Jagr.
3:18 of 2nd period - Slapshot by Tobias Enstrom.
3:18 of 2nd period - Deflect By Jordan Staal.
3:18 of 2nd period - Stopped by Roberto Luongo with a rebound.
3:20 of 2nd period - Snap shot by Artemi Panarin.
3:20 of 2nd period - Stopped by Roberto Luongo without a rebound.
3:21 of 2nd period - Scott Gomez wins face-off versus Jordan Staal in Capitals zone.
3:42 of 2nd period - Wrist shot by Fabian Brunnstrom.
3:42 of 2nd period - Stopped by Roberto Luongo with a rebound.
3:44 of 2nd period - Backhand shot by Braydon Coburn.
3:44 of 2nd period - Shot Misses the Net.
3:46 of 2nd period - Snap shot by Fabian Brunnstrom.
3:46 of 2nd period - Shot Misses the Net.
3:48 of 2nd period - Backhand shot by John Klingberg.
3:48 of 2nd period - Shot Blocked by Tyler Seguin.
4:29 of 2nd period - Penalty to Dougie Hamilton is over, Dougie Hamilton is back on ice.
4:37 of 2nd period - Wrist shot by Patrick Marleau.
4:37 of 2nd period - Stopped by Marc-André Fleury with a rebound.
4:39 of 2nd period - Slapshot by T.J. Oshie.
4:39 of 2nd period - Stopped by Marc-André Fleury with a rebound.
4:41 of 2nd period - Slapshot by T.J. Oshie.
4:41 of 2nd period - Shot Blocked by Braydon Coburn.
4:43 of 2nd period - Snap shot by Paul Martin.
4:43 of 2nd period - Shot Misses the Net.
5:02 of 2nd period - Off-side.
5:03 of 2nd period - Zac Dalpe wins face-off versus Tyler Seguin in neutral zone.
5:05 of 2nd period - Ryan Parent is hit by Jaromir Jagr and loses puck.
5:14 of 2nd period - Slapshot by Erik Karlsson.
5:14 of 2nd period - Deflect By Colby Armstrong.
5:14 of 2nd period - Goal by Erik Karlsson - Maple Leafs : 2 - Capitals : 1.
5:15 of 2nd period - Jordan Staal wins face-off versus Tyler Seguin in neutral zone.
6:06 of 2nd period - Dougie Hamilton is hit by Marc-Édouard Vlasic and loses puck.
6:11 of 2nd period - Wrist shot by Zac Dalpe.
6:11 of 2nd period - Shot Misses the Net.
6:13 of 2nd period - Wrist shot by Zac Dalpe.
6:13 of 2nd period - Stopped by Roberto Luongo without a rebound.
6:14 of 2nd period - Tyler Seguin wins face-off versus Jordan Staal in Capitals zone.
6:14 of 2nd period - Tyler Seguin is hit by Braydon Coburn.
6:40 of 2nd period - Alex Killorn is hit by Jamie Benn and loses puck.
7:25 of 2nd period - Snap shot by Marcel Goc.
7:25 of 2nd period - Shot Misses the Net.
7:27 of 2nd period - Snap shot by Marcel Goc.
7:27 of 2nd period - Stopped by Marc-André Fleury without a rebound.
7:28 of 2nd period - Marcel Goc wins face-off versus Evgeny Grachev in Maple Leafs zone.
7:31 of 2nd period - Snap shot by Matt Irwin.
7:31 of 2nd period - Shot Hit the Post.
7:41 of 2nd period - Wrist shot by Marcel Goc.
7:41 of 2nd period - Shot Misses the Net.
7:55 of 2nd period - Jaromir Jagr is hit by Jordan Staal and loses puck.
8:16 of 2nd period - Wrist shot by Scott Gomez.
8:16 of 2nd period - Shot Blocked by Gilbert Brule.
8:18 of 2nd period - Slapshot by Michael Grabner.
8:18 of 2nd period - Stopped by Marc-André Fleury without a rebound.
8:19 of 2nd period - Tyler Seguin wins face-off versus Jordan Staal in Maple Leafs zone.
8:58 of 2nd period - Scott Gomez is hit by Fabian Brunnstrom and loses puck.
9:41 of 2nd period - Dougie Hamilton is hit by Evgeny Grachev.
10:05 of 2nd period - Snap shot by Evgeny Grachev.
10:05 of 2nd period - Shot Blocked by Erik Karlsson.
10:11 of 2nd period - Wrist shot by Evgeny Grachev.
10:11 of 2nd period - Shot Misses the Net.
10:33 of 2nd period - Wrist shot by Evgeny Grachev.
10:33 of 2nd period - Shot Misses the Net.
10:45 of 2nd period - Snap shot by Evgeny Grachev.
10:45 of 2nd period - Shot Misses the Net.
10:47 of 2nd period - Slapshot by Tobias Enstrom.
10:47 of 2nd period - Shot Blocked by Matt Irwin.
10:57 of 2nd period - Wrist shot by Evgeny Grachev.
10:57 of 2nd period - Deflect By Blake Comeau.
10:57 of 2nd period - Shot Blocked by Erik Karlsson.
10:57 of 2nd period - Puck is out of play.
10:58 of 2nd period - Jordan Staal wins face-off versus Tyler Seguin in Capitals zone.
11:27 of 2nd period - Wrist shot by Marcel Goc.
11:27 of 2nd period - Stopped by Marc-André Fleury without a rebound.
11:28 of 2nd period - Gilbert Brule wins face-off versus Marcel Goc in Maple Leafs zone.
12:41 of 2nd period - Slapshot by Patrick Marleau.
12:41 of 2nd period - Stopped by Marc-André Fleury without a rebound.
12:42 of 2nd period - Jordan Staal wins face-off versus Tyler Seguin in Maple Leafs zone.
13:17 of 2nd period - Slapshot by Matt Irwin.
13:17 of 2nd period - Stopped by Marc-André Fleury without a rebound.
13:18 of 2nd period - Tyler Seguin wins face-off versus Jordan Staal in Maple Leafs zone.
13:32 of 2nd period - Icing by Claude Giroux.
13:33 of 2nd period - Jordan Staal wins face-off versus Scott Gomez in Maple Leafs zone.
14:11 of 2nd period - Minor Penalty to Erik Karlsson for Hooking.
14:12 of 2nd period - Gilbert Brule wins face-off versus Scott Gomez in Capitals zone.
14:24 of 2nd period - Wrist shot by Colby Armstrong.
14:24 of 2nd period - Shot Blocked by Dougie Hamilton.
14:28 of 2nd period - Slapshot by Gilbert Brule.
14:28 of 2nd period - Stopped by Roberto Luongo with a rebound.
14:38 of 2nd period - Scott Gomez is hit by Artemi Panarin.
15:04 of 2nd period - Marc-Édouard Vlasic is hit by Scott Gomez and loses puck.
15:27 of 2nd period - Snap shot by Ondrej Palat.
15:27 of 2nd period - Stopped by Marc-André Fleury with a rebound.
15:33 of 2nd period - Snap shot by Ondrej Palat.
15:33 of 2nd period - Shot Misses the Net.
15:45 of 2nd period - Jaromir Jagr is hit by Claude Giroux and loses puck.
15:53 of 2nd period - Icing by John Klingberg.
15:54 of 2nd period - Jordan Staal wins face-off versus Tyler Seguin in Maple Leafs zone.
16:01 of 2nd period - Artemi Panarin is hit by Tyler Seguin and loses puck.
16:11 of 2nd period - Penalty to Erik Karlsson is over, Erik Karlsson is back on ice.
16:16 of 2nd period - Wrist shot by Erik Karlsson.
16:16 of 2nd period - Deflect By Tyler Seguin.
16:16 of 2nd period - Stopped by Marc-André Fleury with a rebound.
18:37 of 2nd period - Slapshot by Jordan Staal.
18:37 of 2nd period - Goal by Jordan Staal - Maple Leafs : 3 - Capitals : 1.
18:38 of 2nd period - Ben Smith wins face-off versus Marcel Goc in neutral zone.
18:43 of 2nd period - Slapshot by Ryan Parent.
18:43 of 2nd period - Shot Blocked by Christian Ehrhoff.
19:01 of 2nd period - Minor Penalty to Fabian Brunnstrom for Boarding.
19:02 of 2nd period - Gilbert Brule wins face-off versus Scott Gomez in Maple Leafs zone.
Goals for this period are 1 for Maple Leafs vs 1 for Capitals.
Shots for this period are 7 for Maple Leafs vs 11 for Capitals.
3rd period
0:01 of 3rd period - Jordan Staal wins face-off versus Tyler Seguin in neutral zone.
0:38 of 3rd period - Slapshot by Scott Gomez.
0:38 of 3rd period - Shot Misses the Net.
1:01 of 3rd period - Penalty to Fabian Brunnstrom is over, Fabian Brunnstrom is back on ice.
1:57 of 3rd period - Slapshot by Evgeny Grachev.
1:57 of 3rd period - Shot Misses the Net.
1:59 of 3rd period - Slapshot by John Klingberg.
1:59 of 3rd period - Stopped by Roberto Luongo without a rebound.
2:00 of 3rd period - Tyler Seguin wins face-off versus Jordan Staal in Capitals zone.
2:15 of 3rd period - Ondrej Palat is hit by Taylor Chorney and loses puck.
2:52 of 3rd period - Snap shot by Jamie Benn.
2:52 of 3rd period - Deflect By Scott Gomez.
2:52 of 3rd period - Stopped by Marc-André Fleury with a rebound.
3:12 of 3rd period - Blake Comeau is hit by Chris Kunitz.
3:41 of 3rd period - Slapshot by Chris Kunitz.
3:41 of 3rd period - Shot Blocked by Tobias Enstrom.
3:57 of 3rd period - Zac Dalpe is hit by Ondrej Palat and loses puck.
4:20 of 3rd period - Slapshot by Paul Martin.
4:20 of 3rd period - Stopped by Marc-André Fleury without a rebound.
4:20 of 3rd period - Minor Penalty to Marc-André Fleury for Slashing.
4:21 of 3rd period - Tyler Seguin wins face-off versus Jordan Staal in Maple Leafs zone.
4:22 of 3rd period - Snap shot by Jaromir Jagr.
4:22 of 3rd period - Stopped by Marc-André Fleury with a rebound.
4:24 of 3rd period - Snap shot by Ondrej Palat.
4:24 of 3rd period - Shot Misses the Net.
4:31 of 3rd period - Snap shot by Tyler Seguin.
4:31 of 3rd period - Shot Misses the Net.
4:54 of 3rd period - Wrist shot by Michael Grabner.
4:54 of 3rd period - Stopped by Marc-André Fleury with a rebound.
5:34 of 3rd period - Artemi Panarin is hit by Michael Grabner and loses puck.
6:20 of 3rd period - Penalty to Ben Smith is over, Ben Smith is back on ice.
6:33 of 3rd period - Snap shot by Patrick Marleau.
6:33 of 3rd period - Stopped by Marc-André Fleury with a rebound.
6:35 of 3rd period - Slapshot by Patrick Marleau.
6:35 of 3rd period - Stopped by Marc-André Fleury with a rebound.
6:37 of 3rd period - Slapshot by Keith Yandle.
6:37 of 3rd period - Stopped by Marc-André Fleury with a rebound.
7:28 of 3rd period - Icing by Matt Irwin.
7:29 of 3rd period - Ryan Nugent-Hopkins wins face-off versus Evgeny Grachev in Capitals zone.
7:54 of 3rd period - Off-side.
7:55 of 3rd period - Tyler Seguin wins face-off versus Zac Dalpe in neutral zone.
7:58 of 3rd period - Zac Dalpe is hit by Ondrej Palat and loses puck.
8:33 of 3rd period - Ondrej Palat is hit by Zac Dalpe and loses puck.
8:44 of 3rd period - Icing by Jaromir Jagr.
8:45 of 3rd period - Tyler Seguin wins face-off versus Jordan Staal in Capitals zone.
9:58 of 3rd period - Slapshot by T.J. Oshie.
9:58 of 3rd period - Shot Misses the Net.
10:32 of 3rd period - Wrist shot by Chris Kunitz.
10:32 of 3rd period - Shot Misses the Net.
10:34 of 3rd period - Slapshot by Matt Irwin.
10:34 of 3rd period - Stopped by Marc-André Fleury with a rebound.
11:08 of 3rd period - Slapshot by John Klingberg.
11:08 of 3rd period - Shot Blocked by Matt Irwin.
11:18 of 3rd period - Slapshot by John Klingberg.
11:18 of 3rd period - Shot Misses the Net.
11:28 of 3rd period - Slapshot by Erik Karlsson.
11:28 of 3rd period - Stopped by Marc-André Fleury without a rebound.
11:29 of 3rd period - Scott Gomez wins face-off versus Zac Dalpe in Maple Leafs zone.
12:22 of 3rd period - Wrist shot by Fabian Brunnstrom.
12:22 of 3rd period - Shot Blocked by Pierre-Alexandre Parenteau.
12:24 of 3rd period - Slapshot by Tobias Enstrom.
12:24 of 3rd period - Deflect By Gilbert Brule.
12:24 of 3rd period - Stopped by Roberto Luongo with a rebound.
12:53 of 3rd period - Tyler Seguin is hit by Braydon Coburn.
13:06 of 3rd period - Marc-Édouard Vlasic is hit by Ondrej Palat and loses puck.
13:32 of 3rd period - Wrist shot by Jaromir Jagr.
13:32 of 3rd period - Stopped by Marc-André Fleury with a rebound.
13:45 of 3rd period - Slapshot by Matt Irwin.
13:45 of 3rd period - Shot Misses the Net.
13:53 of 3rd period - Snap shot by Jaromir Jagr.
13:53 of 3rd period - Shot Misses the Net.
13:57 of 3rd period - Wrist shot by Ondrej Palat.
13:57 of 3rd period - Stopped by Marc-André Fleury with a rebound.
14:53 of 3rd period - Slapshot by Tobias Enstrom.
14:53 of 3rd period - Deflect By Eric Nystrom.
14:53 of 3rd period - Stopped by Roberto Luongo without a rebound.
14:54 of 3rd period - Artemi Panarin wins face-off versus Scott Gomez in Capitals zone.
15:11 of 3rd period - Braydon Coburn is hit by Jamie Benn and loses puck.
15:28 of 3rd period - Snap shot by Michael Grabner.
15:28 of 3rd period - Stopped by Marc-André Fleury without a rebound.
15:29 of 3rd period - Ryan Nugent-Hopkins wins face-off versus Zac Dalpe in Maple Leafs zone.
16:46 of 3rd period - Slapshot by Zac Dalpe.
16:46 of 3rd period - Shot Misses the Net.
16:48 of 3rd period - Wrist shot by Alex Killorn.
16:48 of 3rd period - Shot Misses the Net.
17:38 of 3rd period - Gilbert Brule is hit by Erik Karlsson and loses puck.
Goals for this period are 0 for Maple Leafs vs 0 for Capitals.
Shots for this period are 3 for Maple Leafs vs 12 for Capitals.
Back to the Top